 Dungeon Crawl Stone Soup version 0.19-a0-860-g5c370dd (webtiles) character file.

214 George the Slasher (level 5, -4/47 HPs)
             Began as a Minotaur Fighter on July 2, 2016.
             Was an Initiate of Okawaru.
             Slain by an orc warrior
             ... wielding a +0 halberd
              (13 damage)
             ... on level 3 of the Dungeon.
             The game lasted 00:02:54 (2262 turns).

George the Slasher (Minotaur Fighter)               Turns: 2262, Time: 00:02:55

Health: -4/47      AC: 11    Str: 21    XL:     5   Next: 60%
Magic:  4/4        EV:  4    Int:  5    God:    Okawaru [......]
Gold:   115        SH:  9    Dex: 10    Spells: 0 memorised, 4 levels left

rFire  . . .     SeeInvis .     a - +0 long sword
rCold  . . .     Gourm    .     w - +0 plate armour
rNeg   . . .     Faith    +     c - +0 shield
rPois  .         Spirit   .     (helmet restricted)
rElec  .         Dismiss  .     (no cloak)
rCorr  +         Reflect  .     (no gloves)
SustAt .         Harm     .     (no boots)
MR     .....                    u - amulet of faith
Stlth  ..........               (no ring)
                                o - ring of resist corrosion

@: not resistant to hostile enchantments, extremely unstealthy
A: retaliatory headbutt, horns 2
a: Renounce Religion


You were on level 3 of the Dungeon.
You worshipped Okawaru.
Okawaru was noncommittal.
You were hungry.

You visited 1 branch of the dungeon, and saw 3 of its levels.

You collected 115 gold pieces.

Inventory:

Hand Weapons
 a - a +0 long sword (weapon)
Armour
 c - a +0 shield (worn)
 w - a +0 plate armour (worn)
Jewellery
 o - a ring of resist corrosion (left hand)
 u - an amulet of faith (around neck)
Scrolls
 h - a scroll of teleportation {unknown}
 i - 3 scrolls of identify {unknown}
 j - a scroll of fog {unknown}
 l - a scroll of enchant weapon {unknown}
 q - a scroll of fear {unknown}
 t - 4 scrolls of blinking {unknown}
 y - a scroll of magic mapping {unknown}
 z - a scroll of immolation {unknown}
Potions
 d - a potion of might
 k - a potion of agility {unknown}
 m - 2 potions of curing {unknown}
Comestibles
 f - 3 bread rations
 g - 2 beef jerkies
 p - 2 slices of pizza
 s - 3 meat rations
 v - a royal jelly


   Skills:
 + Level 4.3 Fighting
 + Level 5.0 Long Blades
 + Level 4.1 Armour
 + Level 1.6 Dodging
 + Level 4.4 Shields
 + Level 1.2 Invocations


You had 4 spell levels left.
You didn't know any spells.

Dungeon Overview and Level Annotations

Branches:
Dungeon (3/15)

Altars:
Okawaru
Ru


Innate Abilities, Weirdness & Mutations

You reflexively headbutt those who attack you in melee.
You have a pair of horns on your head.


Message History

The giant cockroach moves out of view.
The orc warrior hits you from afar with a halberd!
The orc warrior barely misses you.
You riposte.
You hit the orc warrior.
You headbutt the orc warrior, but do no damage.
The orc warrior is lightly wounded.
You closely miss the orc warrior.
The orc warrior is lightly wounded.
The orc warrior hits you with a halberd.
You hit the orc warrior but do no damage.
You headbutt the orc warrior.
The orc warrior is moderately wounded.
You block the orc warrior's attack.
You hit the orc warrior.
The orc warrior is moderately wounded.
The orc warrior hits you with a halberd!!
* * * LOW HITPOINT WARNING * * *
You hit the orc warrior.
The orc warrior is heavily wounded.
The orc warrior hits you with a halberd!
You die...

## # ##. ###
#.##.. #.. #.....
#.# #.##.. #.#
####.##.. #.#
......... ##
##########†#####.#
#.##.##.# .#
#.<.........@os$.#
#.##.##.# .#
#.####.....#######
#.......# .# #.#
#.##### #.##.####
.# #.# #.# #
#.####
.####.####.#
..#.##.....
..##.......#
#....<..###
...........#
..#.##..###
..##.#.###.#
...........
##.#.#.# #.#
#######.##.


You could see an orc warrior and a giant cockroach.

Vanquished Creatures
  A worker ant (D:3)
  Natasha (thrice) (D:3)
  3 gnolls (D:3)
  An adder (D:2)
  2 oozes
  2 worms
  2 dart slugs
  2 giant geckos (D:2)
  3 orcs (D:2)
  4 bats
  2 giant cockroaches
  4 goblins
  10 hobgoblins
  8 kobolds
  3 quokkas
  3 giant newts (D:2)
  6 rats
59 creatures vanquished.

Notes
Turn   | Place    | Note
-------+----------+-------------------------------------------
     0 | D:1      | George the Minotaur Fighter began the quest for the Orb.
     0 | D:1      | Reached XP level 1. HP: 19/19 MP: 0/0
   211 | D:1      | Reached skill level 3 in Long Blades
   382 | D:1      | Reached XP level 2. HP: 15/26 MP: 1/1
   777 | D:2      | Reached skill level 4 in Long Blades
  1036 | D:2      | Found an iron altar of Okawaru.
  1052 | D:2      | Reached XP level 3. HP: 22/31 MP: 2/2
  1077 | D:2      | Became a worshipper of Warmaster Okawaru
  1445 | D:2      | Found a sacrificial altar of Ru.
  1487 | D:3      | Noticed Natasha
  1496 | D:3      | Killed Natasha
  1496 | D:3      | Reached skill level 1 in Dodging
  1496 | D:3      | Reached XP level 4. HP: 20/40 MP: 3/3
  1680 | D:3      | Noticed Natasha
  1693 | D:3      | Killed Natasha
  1693 | D:3      | Reached skill level 1 in Invocations
  1693 | D:3      | Reached XP level 5. HP: 20/46 MP: 4/4
  2009 | D:3      | Noticed Natasha
  2021 | D:3      | Killed Natasha
  2021 | D:3      | Reached skill level 5 in Long Blades
  2254 | D:3      | Noticed an orc warrior
  2262 | D:3      | Slain by an orc warrior

Vault maps used:
D:1:      eino_arrival_water_cross
D:2:      okawaru_altar_gauntlet_db, first_bread, minmay_misc_feat_tower,
          nicolae_ru_path_of_blood
D:3:      minitemple, uniq_natasha

Skill      XL: |  1  2  3  4  5 |
---------------+----------------+-----
Long Blades    | 3 4 5 |  5.0
Dodging        | 1 |  1.6
Armour         | 4 |  4.1
Fighting       | 4 |  4.3
Shields        | 4 |  4.4
Invocations    | 1 |  1.2

Action                   |  1- 3 |  4- 6 || total
-------------------------+-------+-------++-------
Melee: Long sword        |   137 |    76 ||   213
       Headbutt          |    19 |    15 ||    34
  Eat: Chunk             |     2 |     2 ||     4
Armor: Scale mail        |    56 |     7 ||    63
       Plate armour      |       |    10 ||    10
Dodge: Dodged            |    35 |    18 ||    53
Block: Shield            |    70 |    33 ||   103
